 Dungeon Crawl Stone Soup version 0.28-a0-1447-ga5a8893891 (webtiles) character file.

Game seed: 15383850800650810385

84657 ytrimaz the Black Belt (level 15, -10/129 HPs)
             Began as an Octopode Transmuter on Jan 10, 2022.
             Was a Believer of Ashenzari.
             Mangled by a two-headed ogre (29 damage)
             ... while paralysed by an ogre mage
             ... on level 2 of the Orcish Mines on Jan 11, 2022.
             The game lasted 00:42:36 (25217 turns).

ytrimaz the Black Belt (Octopode Transmuter)       Turns: 25217, Time: 00:42:37

Health: -10/129    AC: 11    Str: 10    XL:     15   Next: 81%
Magic:  33/33      EV:  1    Int: 21    God:    Ashenzari [**....]
Gold:   2607       SH:  0    Dex: 14    Spells: 32/42 levels left

rFire   x . .      SeeInvis +     - Unarmed
rCold   + + +      Faith    .   (shield currently unavailable)
rNeg    . . .      Spirit   .   (helmet currently unavailable)
rPois   +          Reflect  .   l - amulet "Burden of the Sky" {Regen+, Cun, Self} (curse)
rElec   .          Harm     .   i - ring "Share My Oracle" {EV+4, Melee, Cun} (curse)
rCorr   .          Rampage  .   p - ring "Share My Idealism" {Slay+4, Cun, Alch} (curse)
Will    +....                   y - ring of Star-Bound Wisdom {SInv, Alch, Evo} (curse)
Stlth   +.........              F - ring of protection from cold
HPRegen 1.11/turn               G - ring of wizardry
MPRegen 0.23/turn               (no ring)
                                (no ring)
                                (no ring)

@: paralysed, ice-form, wereblooded, studying Dodging
A: freezing attack, boosted hp, almost no armour, amphibious, 8 rings, large,
(camouflage 1), (gelatinous body 1), (nimble swimmer 1), (tentacles)
a: End Transformation, Renounce Religion, Curse Item, Shatter the Chains


You were on level 2 of the Orcish Mines.
You worshipped Ashenzari.
Ashenzari was pleased with you.
You were a creature of crystalline ice.
You visited 4 branches of the dungeon, and saw 24 of its levels.
You also visited: Sewer and Volcano.

You collected 2607 gold pieces.

Inventory:

Jewellery
 i - the cursed ring "Share My Oracle" (left front paw) {EV+4, Melee, Cun}
   (You found it on level 3 of the Dungeon)

   [ring of evasion]

   EV:        It affects your evasion (+4).
   It has a curse which improves the following skills: Melee Combat: Short
   Blades, Long Blades, Axes, Maces & Flails, Polearms, Staves and Unarmed
   Combat.
   Cunning:   Dodging and Stealth.
 l - the cursed amulet "Burden of the Sky" (around neck) {Regen+, Cun, Self}
   (You found it on level 3 of the Dungeon)

   [amulet of regeneration]

   Regen:     It increases your rate of health regeneration.
   It has a curse which improves the following skills: Cunning: Dodging and
   Stealth.
   Introspection: Fighting and Spellcasting.
 p - the cursed ring "Share My Idealism" (right front paw) {Slay+4, Cun, Alch}
   (You found it on level 5 of the Dungeon)

   [ring of slaying]

   Slay:      It affects your accuracy & damage with ranged weapons and melee
   (+4).
   It has a curse which improves the following skills: Cunning: Dodging and
   Stealth.
   Alchemy:   Poison Magic and Transmutations.
 y - the cursed ring of Star-Bound Wisdom (on tentacle) {SInv, Alch, Evo}
   (You found it on level 10 of the Dungeon)

   [ring of see invisible]

   SInv:      It lets you see invisible.
   It has a curse which improves the following skills: Alchemy: Poison Magic and
   Transmutations.
   Evocations: Evocations.
 F - a ring of protection from cold (on tentacle)
 G - a ring of wizardry (on tentacle)
Wands
 n - a wand of mindburst (41)
 o - a wand of acid (17)
 w - a wand of iceblast (21)
 x - a wand of flame (19)
 A - a wand of paralysis (9)
 C - a wand of charming (6)
 E - a wand of polymorph (8)
Scrolls
 a - 4 scrolls of enchant armour
 d - 2 scrolls of holy word
 g - 2 scrolls of magic mapping
 h - 2 scrolls of fear
 j - 4 scrolls of fog
 q - 3 scrolls of enchant weapon
 z - 3 scrolls of amnesia
 B - 2 scrolls of brand weapon
Potions
 b - 8 potions of curing
 c - 6 potions of lignification
 e - 2 potions of attraction
 f - 4 potions of flight
 k - 3 potions of resistance
 s - 3 potions of cancellation
 u - a potion of magic
 v - 5 potions of mutation
 D - a potion of berserk rage


   Skills:
 * Level 10.8(12.0) Fighting
 * Level 11.7(14.2) Dodging
 + Level 15.5(16.6) Unarmed Combat
 * Level 12.8(14.0) Spellcasting
 * Level 13.2(15.0) Transmutations
 - Level 2.6 Ice Magic
 - Level 4.0(5.7) Poison Magic
 - Level 0.7(1.3) Evocations


You had 32 spell levels left.
You knew the following spells:

 Your Spells              Type           Power      Damage    Failure   Level
a - Beastly Appendage     Tmut           100%       N/A       0%          1
b - Wereblood             Tmut           67%        N/A       0%          2
c - Spider Form           Tmut/Pois      55%        N/A       1%          3
d - Ice Form              Ice/Tmut       51%        N/A       1%          4

Your spell library contained the following spells:

 Spells                   Type           Power      Damage    Failure   Level
 Animate Skeleton         Necr           28%        N/A       1%          1
 Apportation              Tloc           28%        N/A       1%          1
 Magic Dart               Conj           56%        1d5       1%          1
 Summon Small Mammal      Summ           56%        N/A       1%          1
 Alistair's Intoxication  Tmut/Pois      36%        N/A       1%          5
 Corpse Rot               Necr/Air       28%        N/A       2%          2
 Searing Ray              Conj           28%        2d5       2%          2
 Dazzling Flash           Conj/Hex       28%        N/A       5%          3
 Inner Flame              Hex/Fire       14%        N/A       5%          3
 Stone Arrow              Conj/Erth      28%        3d8       5%          3
 Cause Fear               Hex            7%         N/A       16%         4
 Dispel Undead            Necr           14%        3d10      16%         4
 Fulminant Prism          Conj/Hex       7%         3d7       16%         4
 Iskenderun's Mystic Bla  Conj/Tloc      14%        2d5       16%         4
 Conjure Ball Lightning   Conj/Air       7%         3x3d6     92%         6
 Death Channel            Necr           7%         N/A       92%         6
 Starburst                Conj/Fire      7%         6d4       92%         6
 Discord                  Hex            7%         N/A       100%        8
 Disjunction              Tloc           7%         N/A       100%        8
 Lehudib's Crystal Spear  Conj/Erth      7%         10d3      100%        8
 Animate Armour           Summ/Erth      Unusable   N/A       N/A         4

Dungeon Overview and Level Annotations

Branches:
Dungeon (15/15)            Temple (0/1) D:4            Lair (6/6) D:8
  Swamp (0/4) Lair:2       Spider (1/4) Lair:2        Slime (0/5) Lair:5
    Orc (2/2) D:12         Vaults (0/5) D:14          Sewer (visited)
Volcano (visited)
    Elf: Orc:2       Depths: D:15

Altars:
Ashenzari
Fedhas
Makhleb
Nemelex Xobeh
Qazlal
Ru
Sif Muna
Trog
Uskayaw
Wu Jian
Yredelemnul
Zin
The Shining One
Beogh

Shops:
D:4 *   D:10 **   D:12 (   D:14 [   Orc:2 [[

Portals:
Trove: D:13 (give +6 demon blade)

Annotations:
D:5 1 runed translucent door, Crazy Yiuf
D:11 Snorg
Lair:3 2 transporters, exclusion: ice statue, Tulew's ghost, journeyman NaTm
Lair:4 exclusion: oklob plant


Innate Abilities, Weirdness & Mutations

You are a creature of crystalline ice.
You have a powerful freezing melee attack.
Your maximum health is increased.
Your armour is entirely melded.
You are incapable of wielding weapons or throwing items.
You cannot wear most types of armour.
You are amphibious.
You can wear up to eight rings at the same time.
((Your skin changes colour to match your surroundings (Stealth+).))
((Your rubbery body absorbs attacks. (AC +1, EV +1)))
((You are camouflaged when in or above water. (Stealth+)))
((You have tentacles for arms and can constrict up to eight enemies at once.))


Message History

The iron troll is heavily wounded.
The iron troll bites you but does no damage.
The iron troll claws you but does no damage.
The iron troll claws you!
You hit the iron troll. You freeze the iron troll.
The iron troll is severely wounded.
You hit the iron troll. You freeze the iron troll.
The iron troll is severely wounded.
The iron troll bites you!!
The iron troll claws you but does no damage.
The iron troll barely misses you.
The ogre mage points at the two-headed ogre and mumbles some strange words.
The two-headed ogre seems to speed up.
You pummel the iron troll!! You freeze the iron troll.
You feel a bit better.
You kill the iron troll!
The +0 troll leather armour is intact enough to wear.
You pummel the troll!! You freeze the troll.
You feel a bit better.
You kill the troll!
The ogre mage casts a spell at you. You resist with some effort.
A cyclops comes into view.
You howl as the wereblood boils in your veins!
The two-headed ogre barely misses you.
The two-headed ogre hits you but does no damage.
The ogre misses you.
The ogre mage gestures at you while chanting.
You suddenly lose the ability to move!
The two-headed ogre hits you with a +0 giant club!!
The two-headed ogre hits you with a +0 giant club!
The ogre mage gestures at you while chanting.
The bolt of magma hits you!! The lava burns you terribly!
The ogre hits you with a +0 giant club!
* * * LOW HITPOINT WARNING * * *
The two-headed ogre hits you with a +0 giant club.
* * * LOW HITPOINT WARNING * * *
The two-headed ogre hits you with a +0 giant club!
* * * LOW HITPOINT WARNING * * *
You howl as the wereblood boils in your veins!
The two-headed ogre hits you with a +0 giant club!!
You die...

### ##.## ,,* .#*####*
###...# ### , ...#...
##.#..#####.######
.....∩.##.....##.#.....#.##
,
.........#.#......#.......#
,,
.....C...O##..##.####......
,,
,........OOY...##..##...#...
,
.........O##.<#.......#....
, ,
....∩...####.$.#.........#.
..#....## *...###.)........
# #####* #...##.........). ,
##.##............ , ,
...##.......#... * ,
...#.....)..##.. ,
...........#..


You could see a two-headed ogre (fast), an ogre mage (invisible), a cyclops and
2 ogres.

Vanquished Creatures
  Fannar (D:11)
  Josephine (D:11)
  A rakshasa (D:14)
  2 vault guards (D:14)
  7 hydras
  3 catoblepae
  A boulder beetle (D:13)
  An ogre mage (Orc:2)
  2 centaur warriors
  A deep troll shaman (Lair:6)
  19 death yaks
  10 two-headed ogres
  3 tengu warriors (D:13)
  Urug (Lair:1)
  An iron troll (Orc:2)
  Nergalle (D:12)
  A deep troll (Orc:2)
  An orb spider (Lair:2)
  A necromancer (Lair:2)
  A wizard (D:14)
  An orc sorcerer (Orc:2)
  5 cyclopes
  2 deep elf pyromancers
  An ugly thing (D:13)
  2 manticores
  3 black mambas
  8 elephants (Lair:6)
  Maurice (D:12)
  A torpor snail (Lair:6)
  11 cane toads
  An ice statue (D:12)
  2 unseen horrors
  A gargoyle (D:12)
  11 komodo dragons
  A rime drake (Lair:5)
  A tengu conjurer (D:13)
  3 meliai (D:13)
  A hornet (D:9)
  3 polar bears
  14 trolls
  29 blink frogs
  8 slime creatures
  A tyrant leech (Lair:6)
  6 dream sheep (Lair:6)
  A shadow (D:10)
  19 yaks
  5 wraiths
  5 basilisks
  2 wyverns
  22 humans (D:14)
  Eustachio (D:4)
  3 fire elementals
  8 vampire mosquitoes
  3 steam dragons
  Menkaure (D:4)
  2 acid dragons
  3 swamp worms (Lair:6)
  2 wargs
  13 water moccasins
  Duvessa (D:4)
  2 hell hounds (Lair:6)
  A sky beast (D:5)
  5 black bears
  8 orc warriors
  An ice beast (D:8)
  19 ogres
  3 necrophages
  7 centaurs
  14 wolves
  A phantom (D:5)
  3 kobold brigands
  12 bullfrogs
  2 gnoll sergeants
  A scorpion (D:6)
  A wyvern zombie (D:6)
  A water moccasin skeleton (D:5)
  Dowan (D:4)
  21 killer bees
  8 wights
  3 electric eels
  3 howler monkeys
  A jelly (D:8)
  A bullfrog skeleton (D:5)
  3 centaur zombies
  3 gnoll shamans
  4 orc priests
  4 hounds
  Ijyb (D:4)
  2 iguanas (D:5)
  5 polar bear simulacra (Lair:2)
  17 orc wizards
  3 wolf simulacra (Lair:2)
  A yak simulacrum (Lair:2)
  2 hound skeletons
  2 howler monkey zombies
  24 gnolls
  A howler monkey skeleton (D:5)
  12 adders
  A shadow imp (D:6)
  A white imp (D:5)
  An adder skeleton (D:4)
  2 worms
  4 dart slugs
  55 orcs
  5 bats
  10 endoplasms
  6 giant cockroaches
  6 goblins
  6 hobgoblins
  11 kobolds
  10 quokkas (Sewer)
  17 ball pythons
  7 frilled lizards (Sewer)
  A quokka skeleton (D:4)
  7 rats
  2 river rat simulacra (Lair:2)
  A butterfly (Lair:5)
623 creatures vanquished.

Vanquished Creatures (collateral kills)
  A centaur warrior (D:14)
1 creature vanquished.

Vanquished Creatures (others)
  17 fungi
  22 plants
39 creatures vanquished.

Grand Total: 663 creatures vanquished

Notes
Turn   | Place    | Note
-------+----------+-------------------------------------------
     0 | D:1      | ytrimaz the Octopode Transmuter began the quest for the
                  | Orb.
     0 | D:1      | Reached XP level 1. HP: 13/13 MP: 3/3
   458 | D:1      | Reached XP level 2. HP: 8/18 MP: 5/5
   627 | D:1      | Found a faded altar of an unknown god.
  1132 | D:2      | Reached XP level 3. HP: 10/23 MP: 6/6
  1331 | D:2      | Learned a level 2 spell: Wereblood
  1335 | D:2      | Learned a level 3 spell: Spider Form
  2136 | D:2      | Reached XP level 4. HP: 28/28 MP: 7/7
  2611 | D:3      | Found a glowing golden altar of the Shining One.
  2865 | D:3      | Identified the +5 war axe of Irritation {antimagic, Fly rF-
                  | Str+5 Int+2}
  2970 | D:3      | Found a broken altar of Ashenzari.
  3050 | D:3      | Became a worshipper of Ashenzari the Shackled
  3357 | D:3      | Reached XP level 5. HP: 33/34 MP: 9/9
  3497 | D:4      | Found Ystrui Vide's CLEARANCE SALE!.
  3702 | D:4      | Found a stormy altar of Qazlal.
  3715 | D:4      | Noticed Menkaure
  3723 | D:4      | Killed Menkaure
  3724 | D:4      | Reached skill level 4 in Unarmed Combat
  3724 | D:4      | Reached XP level 6. HP: 39/39 MP: 9/11
  3779 | D:4      | Found a glowing drain.
  3780 | D:4      | Noticed Dowan
  3781 | D:4      | Noticed Duvessa
  3794 | Sewer    | Entered a sewer
  4004 | Sewer    | Reached XP level 7. HP: 23/45 MP: 11/13
  4011 | Sewer    | Reached skill level 1 in Poison Magic
  4199 | Sewer    | Identified a scroll of acquirement
  4201 | Sewer    | Acquired 613 gold pieces
  4212 | D:5      | Entered Level 5 of the Dungeon
  4303 | D:5      | Found a burning altar of Makhleb.
  4419 | D:3      | Reached skill level 5 in Unarmed Combat
  4576 | D:4      | Found a sacrificial altar of Ru.
  4608 | D:4      | Found a sparkling altar of Nemelex Xobeh.
  4684 | D:4      | Killed Duvessa
  4685 | D:4      | Reached XP level 8. HP: 25/52 MP: 11/15
  4690 | D:4      | Killed Dowan
  4834 | D:4      | Found a staircase to the Ecumenical Temple.
  5048 | D:4      | Noticed Ijyb
  5058 | D:4      | Killed Ijyb
  5121 | D:4      | Found a shimmering blue altar of Sif Muna.
  5123 | D:4      | You fall into a shaft and drop 2 floors!
  5167 | D:5      | Reached skill level 5 in Spellcasting
  5167 | D:5      | Reached skill level 5 in Transmutations
  5178 | D:5      | Noticed a +0 falchion
  5178 | D:5      | Noticed a +0 falchion
  5183 | D:5      | Noticed a +0 spear
  5186 | D:5      | Noticed a +0 spear
  5186 | D:5      | Noticed a +0 short sword
  5186 | D:5      | Noticed a +0 dagger
  5187 | D:5      | Noticed a +0 short sword
  5187 | D:5      | Noticed a +0 dagger
  5469 | D:4      | Reached skill level 6 in Unarmed Combat
  5714 | D:4      | Noticed Eustachio
  5757 | D:4      | Killed Eustachio
  6013 | D:5      | Found a bloodstained altar of Trog.
  6135 | D:5      | Learned a level 4 spell: Ice Form
  6379 | D:5      | Found a hide-covered altar of Uskayaw.
  6532 | D:5      | Found a runed translucent door.
  6533 | D:5      | Noticed Crazy Yiuf
  6613 | D:5      | Reached XP level 9. HP: 50/58 MP: 13/17
  7100 | D:6      | Reached skill level 7 in Unarmed Combat
  8194 | D:7      | HP: 2/72 [something (6)]
  8195 | D:7      | Reached skill level 8 in Unarmed Combat
  8383 | D:7      | Reached skill level 5 in Fighting
  8696 | D:8      | Reached XP level 10. HP: 66/66 MP: 16/20
  8816 | D:8      | Reached skill level 1 in Ice Magic
  8870 | D:8      | Reached * piety under Ashenzari
  8890 | D:8      | Found a staircase to the Lair.
  8911 | D:8      | Noticed a two-headed ogre
  8947 | D:8      | Killed a two-headed ogre
  9186 | D:8      | Killed an unseen horror
  9251 | D:8      | Noticed a two-headed ogre
  9280 | D:8      | Killed a two-headed ogre
  9281 | D:8      | Reached skill level 9 in Unarmed Combat
  9906 | D:9      | Found a blossoming altar of Fedhas.
 10094 | D:9      | Noticed a deep elf pyromancer
 10094 | D:9      | Noticed a manticore
 10160 | D:9      | Reached XP level 11. HP: 69/70 MP: 19/23
 10457 | D:9      | Found a glowing silver altar of Zin.
 10559 | D:9      | Found a basalt altar of Yredelemnul.
 10620 | D:9      | Killed a deep elf pyromancer
 10657 | D:9      | Found a burning altar of Makhleb.
 10743 | D:9      | Killed a manticore
 10854 | D:10     | Entered Level 10 of the Dungeon
 10865 | D:10     | Reached skill level 10 in Unarmed Combat
 11048 | D:10     | Found Kawoic's Specific Store.
 11052 | D:10     | Found Zodadauff's General Store.
 11156 | D:10     | Found an ornate altar of the Wu Jian Council.
 11365 | D:10     | Identified the +3 robe "Cinen" {Str+7}
 11506 | D:11     | Noticed a cyclops
 11515 | D:11     | Killed a cyclops
 11604 | D:11     | Noticed a two-headed ogre
 11609 | D:11     | Killed a two-headed ogre
 11668 | D:11     | Noticed Josephine
 11684 | D:11     | Killed Josephine
 11803 | D:11     | Noticed Fannar
 11826 | D:11     | Killed Fannar
 11827 | D:11     | Reached XP level 12. HP: 82/82 MP: 20/26
 12096 | D:11     | Reached skill level 11 in Unarmed Combat
 12164 | D:11     | Noticed an eight-headed hydra
 12173 | D:11     | Killed an eight-headed hydra
 12294 | D:11     | Noticed Snorg
 12639 | D:11     | Reached ** piety under Ashenzari
 12755 | D:12     | Identified the +0 leather armour of Tion Ema {rElec Int+6
                  | Stlth+}
 12764 | D:12     | Found Hempuora's Antique Weapon Boutique.
 12764 | D:12     | Noticed Maurice
 12777 | D:12     | Killed Maurice
 12819 | D:12     | Reached skill level 10 in Transmutations
 12823 | D:12     | Noticed Nergalle
 13029 | D:12     | Reached skill level 10 in Spellcasting
 13755 | D:12     | Killed Nergalle
 13833 | D:12     | Found a staircase to the Orcish Mines.
 14206 | Lair:1   | Entered Level 1 of the Lair of Beasts
 14515 | Lair:1   | Noticed Urug
 14558 | Lair:1   | Killed Urug
 15216 | Lair:2   | Noticed a death yak
 15218 | Lair:2   | Noticed a death yak
 15218 | Lair:2   | Noticed a death yak
 15218 | Lair:2   | Noticed a death yak
 15219 | Lair:2   | Noticed a death yak
 15219 | Lair:2   | Noticed a death yak
 15222 | Lair:2   | Noticed a six-headed hydra
 15229 | Lair:2   | Killed a death yak
 15233 | Lair:2   | Killed a death yak
 15242 | Lair:2   | Killed a death yak
 15243 | Lair:2   | Reached skill level 12 in Unarmed Combat
 15247 | Lair:2   | Killed a death yak
 15248 | Lair:2   | Reached XP level 13. HP: 40/90 MP: 26/28
 15254 | Lair:2   | HP: 2/108 [death yak (21)]
 15257 | Lair:2   | Found a staircase to the Swamp.
 15728 | Lair:2   | Found a hole to the Spider Nest.
 16067 | Spider:1 | Entered Level 1 of the Spider Nest
 16067 | Spider:1 | Noticed an emperor scorpion
 16209 | Lair:3   | Found a transporter.
 16246 | Lair:3   | Found a transporter.
 16247 | Lair:3   | Noticed Tulew's ghost (journeyman NaTm)
 16648 | Lair:2   | HP: 5/110 [komodo dragon (9)]
 17323 | Lair:4   | Reached skill level 5 in Dodging
 18007 | Lair:4   | Reached skill level 13 in Unarmed Combat
 18542 | Lair:5   | Found a staircase to the Slime Pits.
 18657 | Lair:5   | Reached XP level 14. HP: 99/99 MP: 26/30
 19472 | Lair:6   | Entered Level 6 of the Lair of Beasts
 19806 | Lair:6   | Found a dark tunnel.
 19862 | Volcano  | Entered a volcano
 20132 | Lair:6   | Reached skill level 14 in Unarmed Combat
 20444 | Lair:6   | Reached skill level 10 in Fighting
 22003 | D:14     | Found Roalebb's Armour Shop.
 22358 | D:14     | Reached XP level 15. HP: 107/107 MP: 29/32
 22387 | D:14     | Found a broken altar of Ashenzari.
 22795 | D:13     | Found a portal to a secret trove of treasure.
 22939 | D:13     | Reached skill level 10 in Dodging
 23942 | D:14     | Reached skill level 15 in Unarmed Combat
 23985 | D:14     | Found a gate to the Vaults.
 24301 | D:15     | Entered Level 15 of the Dungeon
 24486 | Orc:1    | Entered Level 1 of the Orcish Mines
 24709 | Orc:2    | Entered Level 2 of the Orcish Mines
 25178 | Orc:2    | Found Cuqedywk's Armour Emporium.
 25179 | Orc:2    | Found Fadghunn's Armour Emporium.
 25215 | Orc:2    | Paralysed by an ogre mage for 4 turns
 25217 | Orc:2    | Mangled by a two-headed ogre

Illustrated notes

Levels and vault maps discovered:
D:1:      minmay_arrival_diagonal_passages, layout_basic,
          shapermc_ecumenical_altar_acropolis
D:2:      layout_rooms, minmay_stone_trees_small, minmay_tiny_reverse_x
D:3:      layout_rooms, mainiacjoe_overflow_tiny_flanked,
          mainiacjoe_overflow_boulevard, amcnicky_mini_rare_corridor_liquid,
          minmay_goblin_kobold_house
D:4:      layout_layer_cave, mainiacjoe_overflow_24_doors,
          mainiacjoe_overflow_concentric_impassable, nemelex_spade_bored_becter,
          mainiacjoe_overflow_alcove_1, minmay_temple_entry_statues_pillars,
          portal_sewer_entry_c, nicolae_shop_clearance, uniq_menkaure,
          uniq_duvessa, uniq_eustachio, uniq_ijyb
D:5:      layout_basic, makhleb_altar_promises_db, lemuel_doored_altar,
          nicolae_uskayaw_en_pointe, serial_glass, glass_columns_b,
          glass_columns_a, feat_on_display, item_on_display_a,
          uniq_crazy_yiuf_cottage
D:6:      layout_cave_pools, serial_co_window_serial,
          co_window_of_opportunity_a, co_window_paths_a,
          co_window_of_opportunity_a, co_window_paths_b,
          co_window_of_opportunity_a, co_window_broadway_c, co_window_2corner,
          co_window_broadway_c, co_window_corner_b, co_window_sun,
          glass_columns_b, glass_columns_c, kennysheep_another_room
D:7:      layout_cave_pools, minmay_manual_mares
D:8:      layout_gridville, david_lair_generic, serial_glass, glass_columns_a,
          glass_columns_b, st_stairs_4
D:9:      layout_rooms, fedhas_bush_and_centaur_altar, lemuel_round_altar,
          zin_statuary, special_room [special_room_orc], minmay_ruined_shrine
D:10:     layout_small_grid, mainiacjoe_overflow_paths, minmay_liquid_box,
          nicolae_specific_store
D:11:     layout_roguey, uniq_josephine, uniq_fannar, uniq_snorg
D:12:     lemuel_ice_statue, layout_small_grid, orc_0_dummy, serial_shops, shop,
          uniq_maurice, uniq_nergalle
D:13:     erik_rubicon_a, layout_loops_corners, nicolae_trove_entry_columns
D:14:     layout_cave_pools, grunt_vaults_entry_tiered, serial_shops,
          shop_statue, corexii_hall_statues_t, ashenzari_altar_1
D:15:     grunt_enter_depths_giant_problem, layout_gridville,
          minmay_guarded_unrand_vampires_tooth
Lair:1:   layout_chaotic_city, lemuel_fruit_tree, uniq_urug
Lair:2:   layout_regular_city, swamp_mist, nicolae_spider_entry_orb_guardian,
          eino_house_with_fridge, grunt_megastairs_4
Lair:3:   layout_cave_pods, nzn_ghost_randoct, infiniplex_staircase_pool_2
Lair:4:   minmay_lair_oklob_chamber, layout_regular_city, wad_woods_road_05,
          infiniplex_staircase_pool
Lair:5:   layout_cave_pods, slime_dummy, nicolae_quartered_pool_impasse,
          chequers_serial_rivers_large_a, nicolae_lair_lil_pond,
          lemuel_fruit_fields, grunt_megastairs_2
Lair:6:   grunt_lair_end_beastmaster, layout_cave_pods, enter_volcano_3,
          ldierk_geyser, worms_lemuel, lemuel_fruit_fields, serial_bayou_shore_a
Spider:1: layout_spider_delve
Orc:1:    layout_caves
Orc:2:    st_orc_open, layout_caves, basic_altar

Skill      XL: |  1  2  3  4  5  6  7  8  9 10 11 12 13 14 15 |
---------------+----------------------------------------------+-----
Transmutations | 3 4 5 6 7 9 10 11 12 13 | 13.2
Spellcasting   | 3 4 5 6 8 9 10 11 12 | 12.8
Fighting       | 2 3 4 5 6 7 8 9 10 | 10.8
Unarmed Combat | 4 5 6 8 9 10 12 13 14 15 | 15.5
Poison Magic   | 2 3 4 |  4.0
Ice Magic      | 2 |  2.6
Dodging        | 3 6 9 11 | 11.7
Evocations     | |  0.7

Action                   |  1- 3 |  4- 6 |  7- 9 | 10-12 | 13-15 || total
-------------------------+-------+-------+-------+-------+-------++-------
Melee: Unarmed           |    51 |   125 |   327 |   447 |   889 ||  1839
       Kick              |    16 |    28 |    13 |     2 |       ||    59
       Tentacles         |    10 |    29 |     8 |     2 |     4 ||    53
       Constrict         |    14 |    33 |     9 |     3 |     1 ||    60
       Punch             |       |     5 |     7 |       |     1 ||    13
 Cast: Beastly Appendage |    21 |    23 |    11 |     7 |       ||    62
       Wereblood         |       |     1 |     3 |    15 |    33 ||    52
       Spider Form       |       |     2 |    30 |     7 |     5 ||    44
       Ice Form          |       |       |     7 |    58 |    83 ||   148
Invok: Curse Item        |       |       |     1 |     3 |       ||     4
Evoke: Wand              |       |       |     2 |     1 |       ||     3
  Use: Scroll            |     1 |     8 |    14 |     3 |     6 ||    32
       Potion            |     2 |     1 |     2 |     8 |     1 ||    14
 Stab: Sleeping          |     7 |    12 |     2 |       |       ||    21
       Petrified         |       |       |       |       |     4 ||     4
Armor: Skin              |     6 |     4 |    36 |   102 |   197 ||   345
Dodge: Dodged            |    23 |    78 |   305 |   310 |   738 ||  1454

Table legend: (Time is in decaauts)
 A = Elapsed time spent in this place.
 B = Non-inter-level travel time spent in this place.
 C = Inter-level travel time spent in this place.
 D = Time resting spent in this place.
 E = Time spent auto-exploring this place.
 F = Levels seen in this place.
 G = Mean time per level.
                   A        B        C        D        E       F      G
               +--------+--------+--------+--------+--------+-----+--------+
         Total |  24857 |  23633 |   1224 |   2301 |  15905 |  26 |  956.0 |
       Dungeon |  16746 |  15916 |    830 |   1699 |  10632 |  15 | 1116.4 |
          Lair |   7004 |   6623 |    381 |    508 |   4786 |   6 | 1167.3 |
   Spider Nest |      1 |      1 |      0 |      0 |      0 |   1 |    1.0 |
  Orcish Mines |    687 |    674 |     13 |     56 |    335 |   2 |  343.5 |
         Sewer |    408 |    408 |      0 |     38 |    152 |   1 |  408.0 |
       Volcano |      8 |      8 |      0 |      0 |      0 |   1 |    8.0 |
               +--------+--------+--------+--------+--------+-----+--------+

Top non-repeatable levels by time:
    D:13: 1832 daAuts
     D:4: 1738 daAuts
  Lair:6: 1680 daAuts
    D:11: 1609 daAuts
     D:2: 1424 daAuts
     D:8: 1365 daAuts
    D:12: 1232 daAuts
  Lair:5: 1217 daAuts
     D:5: 1114 daAuts
     D:3: 1102 daAuts
     D:1: 1082 daAuts
  Lair:4: 1067 daAuts
  Lair:2: 1064 daAuts
  Lair:3: 1013 daAuts
     D:6: 993 daAuts
